 Dungeon Crawl Stone Soup version 0.29.1 (webtiles) character file.

Game seed: 9163113122140238577

9407 qw the Severer (level 11, -2/133 (145) HPs)
             Began as a Minotaur Berserker on Sept 13, 2022.
             Was a Priest of Trog.
             Slain by a death scarab (11 damage)
             ... in a Gauntlet.
             The game lasted 00:04:22 (13861 turns).

qw the Severer (Minotaur Berserker)                Turns: 13861, Time: 00:04:23

HP:   -2/133 (145)  AC: 18    Str: 27    XL:     11   Next: 22%
MP:   10/10         EV:  8    Int: -3 (4) God:    Trog [***...]
Gold: 648           SH:  5    Dex:  9    Spells: 10/10 levels left

rFire   . . .      SeeInvis .   Y - +0 war axe
rCold   + . .      Faith    .   p - +0 buckler
rNeg    . . .      Spirit   .   s - +0 plate armour
rPois   .          Reflect  .   (helmet restricted)
rElec   .          Harm     .   (no cloak)
rCorr   .          Rampage  .   m - +2 pair of gloves
Will    +....      NoTele   +   a - +0 pair of boots {Stlth+}
Stlth   ..........              u - amulet of the acrobat
HPRegen 0.32/turn               r - ring of protection from cold
MPRegen 0.12/turn               o - ring of willpower

@: berserking, slowed, lost intelligence, drained, unable to read
A: horns 2, retaliatory headbutt
a: Renounce Religion, Berserk, Trog's Hand


You were in a Gauntlet.
You worshipped Trog.
Trog was most pleased with you.
You visited 2 branches of the dungeon, and saw 11 of its levels.
You also visited: Gauntlet.

You collected 648 gold pieces.


Innate Abilities, Weirdness & Mutations

You have a pair of horns on your head.
You reflexively headbutt those who attack you in melee.


   Skills:
 - Level 9.1 Fighting
 - Level 16.2 Axes
 - Level 3.1 Throwing
 + Level 7.7 Armour
 - Level 3.0 Dodging
 - Level 6.0 Shields


You had 10 spell levels left.
You didn't know any spells.
Your spell library was empty.

Inventory:

Hand Weapons
 n - a +0 hand axe of flaming
 Y - a +0 war axe (weapon)
Missiles
 d - 4 boomerangs (quivered)
Armour
 a - a +0 pair of boots of stealth (worn)
 m - a +2 pair of gloves (worn)
 p - a +0 buckler (worn)
 s - a +0 plate armour (worn)
Jewellery
 o - a ring of willpower (right hand)
 r - a ring of protection from cold (left hand)
 u - an amulet of the acrobat (around neck)
 w - an amulet of guardian spirit
Scrolls
 g - 2 scrolls of identify
 j - 3 scrolls of teleportation
Potions
 b - a potion of resistance
 c - 3 potions of mutation
 e - a potion of heal wounds
 f - a potion of cancellation
 h - a potion of degeneration {unknown}
 i - 2 potions of haste
 k - a potion of might {unknown}
 l - a potion of flight {unknown}
 q - a potion of magic {unknown}
 t - a potion of invisibility {unknown}

Dungeon Overview and Level Annotations

Branches:
Dungeon (10/15)            Temple (0/1) D:5            Lair (1/5) D:10
Gauntlet (1/1)
    Orc: D:9-12

Altars:
Dithmenos
Fedhas
Kikubaaqudgha
Nemelex Xobeh
Okawaru
Sif Muna
Trog
Uskayaw
Wu Jian
Xom
Yredelemnul
The Shining One

Shops:
D:6 :   D:9 (

Annotations:
D:3 2 transporters, qw's ghost, weakling MiBe
D:8 1 runed translucent door, qw's ghost, novice MiBe Gauntlet 7 transporters, 2 runed translucent doors


Message History

You feel as though you will be slow longer.
The death scarab draws strength from your injuries!
You hit the spectral death yak but do no damage.
You headbutt the spectral death yak, but do no damage.
The spectral death yak is lightly damaged.
You hit the death scarab but do no damage.
The death scarab bites you but does no damage.
The spectral death yak gores you!
You feel drained.
You hit the spectral death yak but do no damage.
The spectral death yak is lightly damaged.
The death scarab bites you!
The death scarab draws strength from your injuries!
The shadow imp shouts, "Back with thee, thou ducking earth-vexing dewberry!"
The spectral death yak gores you but does no damage.
You hit the spectral death yak. You headbutt the spectral death yak.
The spectral death yak is lightly damaged.
You closely miss the death scarab. The death scarab bites you!
The death scarab draws strength from your injuries!
You block the death scarab's attack. The spectral death yak gores you!
You feel drained.
You slice the spectral death yak!! You headbutt the spectral death yak!
The spectral death yak is heavily damaged.
You barely miss the death scarab.
The death scarab bites you but does no damage.
You slash the spectral death yak!
The spectral death yak is heavily damaged.
You block the death scarab's attack.
The spectral death yak gores you but does no damage.
You hit the spectral death yak but do no damage.
The spectral death yak is heavily damaged.
You barely miss the death scarab.
The death scarab bites you but does no damage.
The spectral death yak gores you but does no damage.
You slash the spectral death yak! You headbutt the spectral death yak.
The spectral death yak is severely damaged.
You slash the death scarab!
The death scarab bites you but does no damage.
The death scarab barely misses you. The death scarab bites you!
You die...

## ### ######### ### ##
##~###~###.......###~###~##
#~~~#~~~#..\.}.\..#~~~#~~~#
#~.....................~#
##.#########.#########.##
##~.####^####.#B.?^##.#.~##
#~~.###./[###.##=.##..#.~~#
##~.#.=+##.5#.###.#...#.~##
##.#..#^#52###@##.##.#.##
##~.#2.##+.4#.#ZB.#.###.~##
#~~.###5..###.#B.##..##.~~#
##~.###4..###.#.##Z...#.~##
##.#########.#########.##
##~....#^.........^#....~##
#~~..}.#.}.}.}.}.}.#.}..~~#
##~....#^.........^#....~##
##.###################.##


You could see a reaper, a hellwing, 2 spectral death yaks, 2 death scarabs and 2
shadow imps.

Vanquished Creatures
  A two-headed ogre (D:10)
  A wolf spider (shapeshifter) (Gauntlet)
  3 kobold demonologists
  An unseen horror (D:10)
  4 trolls (D:10)
  4 slime creatures (D:10)
  A raiju (Gauntlet)
  4 wraiths
  A shadow (D:10)
  2 yaks (D:10)
  A wyvern (D:9)
  2 steam dragons (Gauntlet)
  A swamp worm (shapeshifter) (Gauntlet)
  An acid dragon (D:10)
  4 water moccasins
  A black bear (D:7)
  3 orc warriors
  An ice beast (D:5)
  An ogre (D:4)
  5 centaurs
  A phantom (D:5)
  Blork the orc (D:6)
  5 kobold brigands
  5 bullfrogs
  A gnoll sergeant (D:7)
  2 necrophages
  2 scorpions
  4 wights (D:4)
  A crimson imp (D:5)
  A howler monkey (D:10)
  6 hounds
  4 orc priests
  2 jellies
  4 iguanas
  12 orc wizards
  A gnoll (shapeshifter) (Gauntlet)
  16 gnolls
  7 adders
  A shadow imp (D:5)
  4 white imps
  An ufetubus (D:7)
  2 dart slugs
  2 worms (D:2)
  55 orcs
  6 ball pythons
  6 bats
  11 endoplasms
  4 giant cockroaches
  9 goblins
  11 hobgoblins
  2 jackals (D:2)
  57 kobolds
  2 quokkas
  A frilled lizard (D:1)
  4 rats
295 creatures vanquished.

Vanquished Creatures (others)
  2 plants
2 creatures vanquished.

Grand Total: 297 creatures vanquished

Notes
Turn   | Place    | Note
-------+----------+-------------------------------------------
     0 | D:1      | qw the Minotaur Berserker began the quest for the Orb.
     0 | D:1      | Reached XP level 1. HP: 19/19 MP: 0/0
     0 | D:1      | 0 ||| qw: Version: 0.1-a-119-g272c26d
     0 | D:1      | 0 ||| qw: Game counter: 11117
     0 | D:1      | 0 ||| qw: Always use a shield: true
     0 | D:1      | 0 ||| qw: Do Orc after D:15 true
     0 | D:1      | 0 ||| qw: Do second Lair branch before Depths: true
     0 | D:1      | 0 ||| qw: Lair rune preference: random
     0 | D:1      | 0 ||| qw: Plans: Normal
     0 | D:1      | 0 ||| PLANNING D:1-11
    36 | D:1      | Reached skill level 4 in Axes
    73 | D:1      | Reached XP level 2. HP: 26/26 MP: 1/1
    76 | D:1      | 76 ||| Stepping ~*~*~tactically~*~*~ (stealth).
   212 | D:1      | 212 ||| Stepping ~*~*~tactically~*~*~ (stealth).
   307 | D:1      | 307 ||| Stepping ~*~*~tactically~*~*~ (stealth).
   319 | D:1      | Reached skill level 5 in Axes
   418 | D:1      | Reached XP level 3. HP: 31/31 MP: 2/2
   445 | D:1      | Reached ** piety under Trog
   690 | D:1      | 690 ||| UPGRADING to +0 leather armour.
   700 | D:1      | 700 ||| DROPPING +0 animal skin.
   701 | D:1      | 701 ||| UPGRADING to +0 ring mail.
   711 | D:1      | 711 ||| DROPPING +0 leather armour.
   712 | D:1      | 712 ||| READING scroll labelled KOWUAN DITIO.
   713 | D:1      | 713 ||| READING scroll labelled BOAMIO GOUSH.
   714 | D:1      | 714 ||| READING scroll labelled IWOARO MOCW.
   764 | D:2      | 764 ||| Stepping ~*~*~tactically~*~*~ (stealth).
   766 | D:2      | 766 ||| Stepping ~*~*~tactically~*~*~ (stealth).
   828 | D:2      | 828 ||| Stepping ~*~*~tactically~*~*~ (stealth).
   831 | D:2      | Reached skill level 1 in Throwing
   889 | D:2      | 889 ||| DROPPING +0 club.
   971 | D:2      | Found a shimmering altar of Xom.
   979 | D:2      | 979 ||| SWAPPING to +0 war axe.
   980 | D:2      | 980 ||| DROPPING +1 hand axe.
   992 | D:2      | 992 ||| INVOKING Berserk.
  1304 | D:2      | 1304 ||| Stepping ~*~*~tactically~*~*~ (stealth).
  1420 | D:2      | 1420 ||| Stepping ~*~*~tactically~*~*~ (hiding).
  1639 | D:2      | 1639 ||| Stepping ~*~*~tactically~*~*~ (stealth).
  1644 | D:2      | 1644 ||| Stepping ~*~*~tactically~*~*~ (stealth).
  1645 | D:2      | 1645 ||| INVOKING Berserk.
  1652 | D:2      | 1652 ||| Stepping ~*~*~tactically~*~*~ (stealth).
  1721 | D:2      | Reached XP level 4. HP: 39/39 MP: 3/3
  1833 | D:2      | Found a faded altar of an unknown god.
  2023 | D:2      | 2023 ||| UPGRADING to +0 chain mail.
  2033 | D:2      | 2033 ||| DROPPING +0 ring mail.
  2034 | D:2      | 2034 ||| UPGRADING to +0 buckler.
  2039 | D:2      | 2039 ||| UPGRADING to ring of protection from cold.
  2040 | D:2      | 2040 ||| READING scroll labelled ITYMYR SEOCHICK.
  2041 | D:2      | 2041 ||| READING scroll labelled YCZOJE WAEFU.
  2042 | D:2      | 2042 ||| READING 2 scrolls labelled HETHRA LUYD.
  2057 | D:2      | 2057 ||| READING scroll labelled YNIACH RIXIURE.
  2058 | D:2      | 2058 ||| READING scroll labelled TYFFIKAL YXKOMO.
  2059 | D:2      | 2059 ||| READING scroll labelled GOGRIGH CYHAF.
  2160 | D:2      | 2160 ||| READING scroll labelled YFOATO XA GEDE.
  2161 | D:2      | 2161 ||| DRINKING 2 orange potions.
  2162 | D:2      | 2162 ||| DRINKING 2 fizzy grey potions.
  2163 | D:2      | 2163 ||| DROPPING potion of brilliance.
  2164 | D:2      | 2164 ||| READING scroll of teleportation.
  2251 | D:3      | 2251 ||| Stepping ~*~*~tactically~*~*~ (stealth).
  2302 | D:3      | Reached skill level 1 in Shields
  2308 | D:3      | Reached skill level 6 in Axes
  2308 | D:3      | 2308 ||| FLEEEEING.
  2309 | D:3      | 2309 ||| FLEEEEING.
  2310 | D:3      | 2310 ||| FLEEEEING.
  2311 | D:3      | 2311 ||| FLEEEEING.
  2312 | D:3      | 2312 ||| FLEEEEING.
  2313 | D:3      | 2313 ||| FLEEEEING.
  2314 | D:3      | 2314 ||| FLEEEEING.
  2315 | D:3      | 2315 ||| FLEEEEING.
  2316 | D:3      | 2316 ||| FLEEEEING.
  2317 | D:3      | 2317 ||| FLEEEEING.
  2318 | D:3      | 2318 ||| FLEEEEING.
  2319 | D:3      | 2319 ||| FLEEEEING.
  2320 | D:3      | 2320 ||| FLEEEEING.
  2321 | D:3      | 2321 ||| FLEEEEING.
  2322 | D:3      | 2322 ||| FLEEEEING.
  2323 | D:3      | 2323 ||| FLEEEEING.
  2324 | D:3      | 2324 ||| STAIRDANCE
  2396 | D:3      | 2396 ||| STAIRDANCE
  2560 | D:3      | Found a transporter.
  2571 | D:3      | Found a transporter.
  2584 | D:3      | Noticed qw's ghost (weakling MiBe)
  2601 | D:3      | Found an ornate altar of the Wu Jian Council.
  2655 | D:3      | 2655 ||| Stepping ~*~*~tactically~*~*~ (hiding).
  2794 | D:3      | 2794 ||| Stepping ~*~*~tactically~*~*~ (stealth).
  2939 | D:3      | 2939 ||| READING scroll labelled MAYBAI JANLU.
  3071 | D:3      | 3071 ||| DRINKING 2 bubbling emerald potions.
  3109 | D:3      | 3109 ||| READING 2 scrolls of identify.
  3109 | D:3      | 3109 ||| IDENTIFYING clear potion
  3110 | D:3      | 3110 ||| DROPPING potion of lignification.
  3147 | D:4      | Noticed an ogre
  3148 | D:4      | 3148 ||| Stepping ~*~*~tactically~*~*~ (stealth).
  3155 | D:4      | 3155 ||| INVOKING Berserk.
  3158 | D:4      | Killed an ogre
  3159 | D:4      | Reached skill level 3 in Shields
  3159 | D:4      | Reached XP level 5. HP: 45/45 MP: 4/4
  3307 | D:4      | 3307 ||| INVOKING Berserk.
  3464 | D:4      | 3464 ||| INVOKING Berserk.
  3475 | D:4      | 3475 ||| Stepping ~*~*~tactically~*~*~ (hiding).
  3547 | D:4      | 3547 ||| INVOKING Berserk.
  3704 | D:4      | 3704 ||| Stepping ~*~*~tactically~*~*~ (hiding).
  3708 | D:4      | 3708 ||| INVOKING Berserk.
  3712 | D:4      | Reached XP level 6. HP: 51/51 MP: 5/5
  3783 | D:4      | Reached skill level 7 in Axes
  3817 | D:4      | 3817 ||| Stepping ~*~*~tactically~*~*~ (stealth).
  3873 | D:4      | 3873 ||| INVOKING Berserk.
  4021 | D:4      | Reached *** piety under Trog
  4024 | D:4      | 4024 ||| INVOKING Berserk.
  4092 | D:4      | 4092 ||| INVOKING Berserk.
  4098 | D:4      | Reached skill level 8 in Axes
  4103 | D:4      | Reached XP level 7. HP: 59/59 MP: 6/6
  4226 | D:4      | 4226 ||| Stepping ~*~*~tactically~*~*~ (stealth).
  4227 | D:4      | 4227 ||| Stepping ~*~*~tactically~*~*~ (stealth).
  4516 | D:4      | 4516 ||| Stepping ~*~*~tactically~*~*~ (hiding).
  4567 | D:4      | 4567 ||| INVOKING Berserk.
  4570 | D:4      | Reached skill level 9 in Axes
  4676 | D:4      | 4676 ||| INVOKING Berserk.
  4843 | D:4      | Reached skill level 3 in Armour
  4862 | D:4      | 4862 ||| DROPPING +0 flail.
  5079 | D:4      | 5079 ||| DRINKING 2 potions of curing.
  5079 | D:4      | 5079 ||| (to cure confusion)
  5139 | D:4      | 5139 ||| DROPPING +0 morningstar.
  5560 | D:4      | 5560 ||| READING scroll labelled DEGAUP EMIDGH.
  5561 | D:4      | 5561 ||| READING 3 scrolls of identify.
  5561 | D:4      | 5561 ||| IDENTIFYING fuming purple potion
  5562 | D:4      | 5562 ||| READING 2 scrolls of identify.
  5562 | D:4      | 5562 ||| IDENTIFYING lumpy green potion
  5563 | D:4      | 5563 ||| DROPPING potion of attraction.
  5610 | D:5      | Entered Level 5 of the Dungeon
  5610 | D:5      | Found a staircase to the Ecumenical Temple.
  5618 | D:5      | 5618 ||| INVOKING Berserk.
  5623 | D:5      | Reached skill level 10 in Axes
  5623 | D:5      | Reached XP level 8. HP: 68/68 MP: 7/7
  5744 | D:5      | 5744 ||| DRINKING 2 potions of curing.
  5744 | D:5      | 5744 ||| (to cure confusion)
  5751 | D:5      | 5751 ||| INVOKING Berserk.
  6136 | D:5      | Reached skill level 6 in Fighting
  6234 | D:5      | 6234 ||| Stepping ~*~*~tactically~*~*~ (stealth).
  6235 | D:5      | 6235 ||| Stepping ~*~*~tactically~*~*~ (stealth).
  6423 | D:5      | Reached **** piety under Trog
  6426 | D:5      | 6426 ||| Stepping ~*~*~tactically~*~*~ (stealth).
  6427 | D:5      | 6427 ||| Stepping ~*~*~tactically~*~*~ (stealth).
  6535 | D:5      | Found a sparkling altar of Nemelex Xobeh.
  6738 | D:5      | 6738 ||| READING scroll labelled DAYSMEURPHE.
  6779 | D:6      | Identified the +6 short sword "Bomotz" {freeze, Will+}
  6792 | D:6      | Found a shimmering blue altar of Sif Muna.
  6792 | D:6      | Found a bloodstained altar of Trog.
  6793 | D:6      | 6793 ||| Stepping ~*~*~tactically~*~*~ (hiding).
  6795 | D:6      | Reached skill level 11 in Axes
  6795 | D:6      | 6795 ||| Stepping ~*~*~tactically~*~*~ (hiding).
  6796 | D:6      | 6796 ||| Stepping ~*~*~tactically~*~*~ (hiding).
  6801 | D:6      | 6801 ||| INVOKING Berserk.
  6912 | D:6      | Found an iron altar of Okawaru.
  6915 | D:6      | Found a blossoming altar of Fedhas.
  6917 | D:6      | Found an ancient bone altar of Kikubaaqudgha.
  6922 | D:6      | Found a shadowy altar of Dithmenos.
  7019 | D:6      | 7019 ||| Stepping ~*~*~tactically~*~*~ (hiding).
  7140 | D:6      | Noticed Blork the orc
  7141 | D:6      | 7141 ||| INVOKING Berserk.
  7146 | D:6      | Killed Blork the orc
  7147 | D:6      | Reached XP level 9. HP: 78/78 MP: 8/8
  7250 | D:6      | Reached skill level 12 in Axes
  7263 | D:6      | 7263 ||| Stepping ~*~*~tactically~*~*~ (hiding).
  7320 | D:6      | 7320 ||| Stepping ~*~*~tactically~*~*~ (stealth).
  7515 | D:6      | Found Rureureo's Book Boutique.
  7517 | D:6      | 7517 ||| Stepping ~*~*~tactically~*~*~ (hiding).
  7559 | D:6      | 7559 ||| Stepping ~*~*~tactically~*~*~ (stealth).
  7562 | D:6      | 7562 ||| Stepping ~*~*~tactically~*~*~ (stealth).
  7567 | D:6      | 7567 ||| Stepping ~*~*~tactically~*~*~ (hiding).
  7587 | D:6      | 7587 ||| Stepping ~*~*~tactically~*~*~ (stealth).
  7595 | D:6      | 7595 ||| INVOKING Berserk.
  7898 | D:7      | 7898 ||| INVOKING Berserk.
  8047 | D:7      | 8047 ||| Stepping ~*~*~tactically~*~*~ (hiding).
  8122 | D:7      | 8122 ||| Stepping ~*~*~tactically~*~*~ (hiding).
  8348 | D:7      | 8348 ||| INVOKING Berserk.
  8489 | D:7      | 8489 ||| Stepping ~*~*~tactically~*~*~ (stealth).
  8494 | D:7      | 8494 ||| Stepping ~*~*~tactically~*~*~ (hiding).
  8505 | D:7      | 8505 ||| INVOKING Berserk.
  8507 | D:7      | Reached skill level 13 in Axes
  8897 | D:7      | Found a basalt altar of Yredelemnul.
  9058 | D:7      | Found a glowing golden altar of the Shining One.
  9184 | D:7      | 9184 ||| UPGRADING to +0 pair of gloves.
  9189 | D:7      | 9189 ||| UPGRADING to +0 plate armour.
  9199 | D:7      | 9199 ||| DROPPING +0 chain mail.
  9200 | D:7      | 9200 ||| READING 2 scrolls of enchant armour.
  9200 | D:7      | 9200 ||| ENCHANTING +0 pair of gloves.
  9201 | D:7      | 9201 ||| READING scroll of enchant armour.
  9201 | D:7      | 9201 ||| ENCHANTING +1 pair of gloves.
  9394 | D:8      | 9394 ||| Stepping ~*~*~tactically~*~*~ (stealth).
  9399 | D:8      | 9399 ||| INVOKING Berserk.
  9631 | D:8      | 9631 ||| Stepping ~*~*~tactically~*~*~ (stealth).
  9632 | D:8      | 9632 ||| Stepping ~*~*~tactically~*~*~ (stealth).
  9633 | D:8      | 9633 ||| Stepping ~*~*~tactically~*~*~ (hiding).
  9729 | D:8      | Found a hide-covered altar of Uskayaw.
  9740 | D:8      | 9740 ||| FLEEEEING.
  9741 | D:8      | 9741 ||| FLEEEEING.
  9742 | D:8      | 9742 ||| FLEEEEING.
  9743 | D:8      | 9743 ||| FLEEEEING.
  9744 | D:8      | 9744 ||| FLEEEEING.
  9745 | D:8      | 9745 ||| FLEEEEING.
  9815 | D:8      | Found a runed translucent door.
  9900 | D:8      | 9900 ||| FLEEEEING.
  9901 | D:8      | 9901 ||| FLEEEEING.
  9902 | D:8      | 9902 ||| FLEEEEING.
  9903 | D:8      | 9903 ||| FLEEEEING.
  9904 | D:8      | 9904 ||| FLEEEEING.
 10155 | D:8      | 10155 ||| FLEEEEING.
 10156 | D:8      | 10156 ||| FLEEEEING.
 10157 | D:8      | 10157 ||| FLEEEEING.
 10158 | D:8      | 10158 ||| FLEEEEING.
 10224 | D:8      | 10224 ||| FLEEEEING.
 10225 | D:8      | 10225 ||| FLEEEEING.
 10226 | D:8      | 10226 ||| FLEEEEING.
 10227 | D:8      | 10227 ||| FLEEEEING.
 10321 | D:8      | Noticed qw's ghost (novice MiBe)
 10367 | D:9      | Found a shimmering altar of Xom.
 10404 | D:9      | 10404 ||| Stepping ~*~*~tactically~*~*~ (stealth).
 10439 | D:9      | Noticed a kobold demonologist
 10439 | D:9      | Noticed a kobold demonologist
 10444 | D:9      | Noticed a red devil
 10445 | D:9      | 10445 ||| INVOKING Berserk.
 10451 | D:9      | Killed a kobold demonologist
 10452 | D:9      | Reached skill level 6 in Armour
 10453 | D:9      | Killed a kobold demonologist
 10566 | D:9      | Reached skill level 3 in Throwing
 10626 | D:9      | Identified the +1 ring mail of Qyd Zomi {rN+ Will+}
 10651 | D:9      | Reached XP level 10. HP: 76/88 MP: 9/9
 10850 | D:9      | Identified the +4 sling of the Blowfly {freeze, rF+ rC-
                  | MP+9 Dex+4}
 10863 | D:9      | 10863 ||| Stepping ~*~*~tactically~*~*~ (hiding).
 11024 | D:9      | 11024 ||| Stepping ~*~*~tactically~*~*~ (hiding).
 11025 | D:9      | 11025 ||| Stepping ~*~*~tactically~*~*~ (hiding).
 11082 | D:9      | Found Paqiwom's Antique Weapon Emporium.
 11210 | D:9      | 11210 ||| UPGRADING to amulet of the acrobat.
 11215 | D:9      | 11215 ||| READING scroll labelled SYASTO CUSOWO.
 11216 | D:9      | 11216 ||| READING 3 scrolls of identify.
 11216 | D:9      | 11216 ||| IDENTIFYING red potion
 11217 | D:9      | 11217 ||| READING 2 scrolls of identify.
 11217 | D:9      | 11217 ||| IDENTIFYING murky black potion
 11237 | D:10     | Entered Level 10 of the Dungeon
 11259 | D:10     | Reached skill level 14 in Axes
 11666 | D:10     | 11666 ||| INVOKING Berserk.
 11798 | D:10     | Reached skill level 15 in Axes
 11805 | D:10     | 11805 ||| INVOKING Berserk.
 12039 | D:10     | 12039 ||| INVOKING Berserk.
 12043 | D:10     | Reached skill level 9 in Fighting
 12441 | D:10     | 12441 ||| INVOKING Berserk.
 12600 | D:10     | Noticed a two-headed ogre
 12604 | D:10     | 12604 ||| INVOKING Berserk.
 12608 | D:10     | Killed a two-headed ogre
 12609 | D:10     | Reached skill level 16 in Axes
 12609 | D:10     | Reached XP level 11. HP: 97/97 MP: 10/10
 12765 | D:10     | Noticed an orange crystal statue
 12766 | D:10     | 12766 ||| INVOKING Brothers in Arms.
 12767 | D:10     | 12767 ||| INVOKING Brothers in Arms.
 12768 | D:10     | 12768 ||| DRINKING 3 potions of curing.
 12768 | D:10     | 12768 ||| (to cure confusion)
 12769 | D:10     | 12769 ||| INVOKING Brothers in Arms.
 12770 | D:10     | 12770 ||| INVOKING Brothers in Arms.
 12814 | D:10     | 12814 ||| FLEEEEING.
 12815 | D:10     | 12815 ||| FLEEEEING.
 12816 | D:10     | 12816 ||| FLEEEEING.
 12818 | D:10     | 12818 ||| FLEEEEING.
 12820 | D:10     | 12820 ||| FLEEEEING.
 12821 | D:10     | 12821 ||| FLEEEEING.
 12958 | D:10     | Found a staircase to the Lair.
 13064 | D:10     | 13064 ||| DRINKING 2 potions of curing.
 13064 | D:10     | 13064 ||| (to cure confusion)
 13065 | D:10     | 13065 ||| INVOKING Brothers in Arms.
 13066 | D:10     | 13066 ||| DRINKING potion of curing.
 13066 | D:10     | 13066 ||| (to cure confusion)
 13067 | D:10     | 13067 ||| INVOKING Brothers in Arms.
 13068 | D:10     | 13068 ||| INVOKING Brothers in Arms.
 13069 | D:10     | 13069 ||| INVOKING Brothers in Arms.
 13087 | D:10     | 13087 ||| INVOKING Berserk.
 13087 | D:10     | Lost intelligence.
 13097 | D:10     | Noticed a two-headed ogre
 13103 | D:10     | HP: 23/97 [killer bee[an orange crystal statue] (3)]
 13104 | D:10     | 13104 ||| DRINKING 2 potions of heal wounds.
 13108 | D:10     | 13108 ||| FLEEEEING.
 13110 | D:10     | 13110 ||| FLEEEEING.
 13311 | D:10     | 13311 ||| UPGRADING to ring of willpower.
 13369 | D:9      | 13369 ||| PLANNING LAIR
 13383 | Lair:1   | Entered Level 1 of the Lair of Beasts
 13384 | Lair:1   | 13384 ||| PLANNING GAUNTLET
 13403 | Lair:1   | Found a gate leading to a gauntlet.
 13409 | Gauntlet | Entered a Gauntlet
 13409 | Gauntlet | Noticed a shining eye
 13409 | Gauntlet | Found a transporter.
 13409 | Gauntlet | Found a transporter.
 13409 | Gauntlet | Found a runed translucent gate.
 13409 | Gauntlet | Found a runed translucent gate.
 13409 | Gauntlet | Found a runed translucent gate.
 13417 | Gauntlet | Found a transporter.
 13421 | Gauntlet | Found a transporter.
 13429 | Gauntlet | Found a transporter.
 13433 | Gauntlet | Found a transporter.
 13435 | Gauntlet | Noticed a death scarab
 13440 | Gauntlet | Noticed a death scarab
 13442 | Gauntlet | Found a transporter.
 13455 | Gauntlet | Noticed a reaper
 13456 | Gauntlet | Found a runed translucent door.
 13458 | Gauntlet | Found a transporter.
 13459 | Gauntlet | Found a runed translucent door.
 13472 | Gauntlet | Found a transporter.
 13476 | Gauntlet | Found a transporter.
 13487 | Gauntlet | Found a transporter.
 13488 | Gauntlet | Found a transporter.
 13531 | Gauntlet | 13531 ||| INVOKING Berserk.
 13536 | Gauntlet | Reached skill level 6 in Shields
 13596 | Gauntlet | 13596 ||| INVOKING Berserk.
 13604 | Gauntlet | Reached skill level 3 in Dodging
 13633 | Gauntlet | Noticed a shining eye
 13649 | Gauntlet | a shining eye changed into a redback
 13651 | Gauntlet | Noticed an orb spider
 13651 | Gauntlet | a redback changed into an orb spider
 13652 | Gauntlet | an orb spider changed into a merfolk
 13653 | Gauntlet | Noticed a wolf spider
 13653 | Gauntlet | a merfolk changed into a wolf spider
 13662 | Gauntlet | Killed a wolf spider
 13663 | Gauntlet | 13663 ||| INVOKING Berserk.
 13841 | Gauntlet | 13841 ||| UPGRADING to +0 pair of boots of stealth.
 13851 | Gauntlet | 13851 ||| INVOKING Berserk.
 13856 | Gauntlet | HP: 24/138 [death scarab (14)]
 13857 | Gauntlet | HP: 9/138 [spectral death yak (8)]
 13861 | Gauntlet | Slain by a death scarab

Levels and vault maps discovered:
D:1:      dpeg_arrival_shrine, layout_rooms, minmay_pentomino_o4
D:2:      minmay_evil_eye, layout_loops_ring, basic_altar,
          shapermc_ecumenical_altar_flowoftime, kennysheep_decorative_pillar,
          chequers_mini_garden
D:3:      layout_rooms, lemuel_round_altar, gammafunk_ghost_stat_death,
          wad_floor_pattern_1
D:4:      minmay_goblin_kobold_castle, layout_basic
D:5:      layout_basic, nemelex_diamond_rough_becter, temple_statues,
          minmay_fire_ice_demons
D:6:      layout_loops_ring, nicolae_overflow_hallway_of_the_gods, serial_shops,
          nicolae_diamond_shop, uniq_blork_the_orc
D:7:      layout_loops_ring, lemuel_coloured_pillars_altar,
          general_overflow_altar, kennysheep_generic_room_13
D:8:      layout_loops_cross, nicolae_uskayaw_suspiria,
          ebering_ghost_reflecting_pool, minmay_misc_feat_columns
D:9:      layout_irregular_city, mainiacjoe_overflow_chevrons,
          nicolae_take_the_stairs
D:10:     wad_woods_structure_01, layout_rooms, lair_entry_dummy,
          grunt_ministairs_14, nicolae_two_hexagons, minivault_15
Lair:1:   lemuel_reptile_caves, layout_layer_cave, ebering_ghost_funeral_grove,
          gauntlet_entry_generic, grunt_megastairs_3
Gauntlet: minmay_gauntlet_77_indecision [minmay_gauntlet_arena_77_run_for_it,
          minmay_gauntlet_arena_77_two_lines, minmay_gauntlet_arena_77_squiggly,
          minmay_gauntlet_arena_77_tiled_triplets, minmay_gauntlet_arena_77_fan,
          minmay_gauntlet_arena_77_cramped, gauntlet_exit_hidden_loot]

Skill      XL: |  1  2  3  4  5  6  7  8  9 10 11 |
---------------+----------------------------------+-----
Axes           | 4 5 6 8 10 11 13 16 | 16.2
Throwing       | 1 2 3 |  3.1
Shields        | 3 4 5 6 |  6.0
Fighting       | 4 5 6 8 9 |  9.1
Armour         | 3 6 7 |  7.7
Dodging        | 3 |  3.0

Action                   |  1- 3 |  4- 6 |  7- 9 | 10-12 || total
-------------------------+-------+-------+-------+-------++-------
Melee: Hand axe          |    50 |       |       |       ||    50
       Headbutt          |     3 |    15 |    51 |    37 ||   106
       War axe           |    15 |    99 |   309 |   179 ||   602
Throw: Javelin           |    21 |    16 |    15 |    11 ||    63
       Boomerang         |       |    13 |    69 |    25 ||   107
Invok: Berserk           |     2 |     8 |    12 |    10 ||    32
       Brothers in Arms  |       |       |       |     2 ||     2
  Use: Scroll            |     3 |    10 |     6 |     3 ||    22
       Potion            |       |     3 |     2 |     4 ||     9
Armor: Animal skin       |    10 |       |       |       ||    10
       Ring mail         |    10 |     3 |       |       ||    13
       Chain mail        |       |    37 |   107 |       ||   144
       Plate armour      |       |       |    20 |   141 ||   161
Dodge: Dodged            |    36 |    44 |   106 |    92 ||   278
Block: Buckler           |       |    18 |    48 |    46 ||   112

Table legend:
 A = Non-vault XP
 B = Vault XP
 C = Vault XP percentage of total XP
 D = Non-vault monster count
 E = Vault monster count
 F = Vault count percentage of total count
                 A         B        C        D         E       F
            +---------+---------+-------+---------+---------+-------
      Total |    8267 |    5172 |  38.5 |     214 |      81 |  27.5
            +---------+---------+-------+---------+---------+-------
        D:1 |      44 |       4 |   8.3 |      24 |       3 |  11.1
        D:2 |      47 |       8 |  14.5 |      18 |       3 |  14.3
        D:3 |      48 |       0 |   0.0 |      21 |       0 |   0.0
        D:4 |     770 |     407 |  34.6 |      26 |      51 |  66.2
        D:5 |     838 |      60 |   6.7 |      28 |       2 |   6.7
        D:6 |     932 |     100 |   9.7 |      27 |       1 |   3.6
        D:7 |     735 |      93 |  11.2 |      22 |       1 |   4.3
        D:8 |     390 |       0 |   0.0 |      16 |       0 |   0.0
        D:9 |    1759 |       0 |   0.0 |      16 |       0 |   0.0
       D:10 |    2704 |    2933 |  52.0 |      16 |      12 |  42.9
     Lair:1 |       0 |     235 | 100.0 |       0 |       2 | 100.0
   Gauntlet |       0 |    1332 | 100.0 |       0 |       6 | 100.0
            +---------+---------+-------+---------+---------+-------
